[Event "Wednesday Night Engine Tour 13 Rd Swiss 3m+1s Starts at 2200hrs ST"]
[Site "Infinity Chess"]
[Date "2018.1.10"]
[Round "8"]
[White "MiKachomiKa QueeN"]
[Black "RonWeasley"]
[Result "1/2-1/2"]
[ECO "C11"]
[WhiteElo "2468"]
[BlackElo "2470"]
[WhiteEngine "Raubfisch X37b1_CTG"]
[BlackEngine "BrainFish 060118_CTG"]
[EventType "Swiss"]
[WhiteTeam ""]
[BlackTeam ""]
[PlyCount "117"]
[TimeControl "180+1"]

1. e4 e6 2. d4 d5 3. Nc3 Nf6 4. e5 Nfd7 5. f4 c5 6. Nf3 Nc6 7. Be3 cxd4 
8. Nxd4 Qb6 9. Qd2 Qxb2 10. Rb1 Qa3 11. Bb5 Nxd4 12. Bxd4 a6 13. Bxd7+ Bxd7 
14. Rb3 Qe7 15. Rxb7 Rc8 16. O-O Qd8 17. f5 exf5 18. Qe3 Rc6 19. Rb6 Rc4 
20. Rfb1 Bc8 21. Rd6 Bxd6 22. exd6+ Be6 23. Bxg7 Rg8 24. Nxd5 Rxg7 25. Qe5 Rg8 
26. Nf6+ Kf8 27. Nxh7+ Ke8 28. Nf6+ Kf8 29. d7 Rxc2 30. g3 Rc7 31. Qd6+ Kg7 
32. Ne8+ Kh7 33. Nxc7 Qxd7 34. Qxd7 Bxd7 35. Rd1 Bb5 36. a3 f4 37. Nd5 Rc8 
38. Nxf4 Rc3 39. Ra1 a5 40. a4 Bc6 41. Kf2 Kg7 42. h4 Rc4 43. Ke2 Rxa4 
44. Rc1 Be4 45. Ke3 Bf5 46. Rc5 Ra3+ 47. Kd4 Kf6 48. Nh5+ Kg6 49. Nf4+ Kf6 
50. Nd5+ Kg7 51. Nf4 Be6 52. g4 Bxg4 53. Rg5+ Kf6 54. Rxg4 Kf5 55. Rg7 Kxf4 
56. Rxf7+ Kg4 57. Rf6 Kxh4 58. Kc5 Kg4 59. Rg6+ 1/2-1/2

[Event "Wednesday Night Engine Tour 13 Rd Swiss 3m+1s Starts at 2200hrs ST"]
[Site "Infinity Chess"]
[Date "2018.1.10"]
[Round "8"]
[White "Dovahkiin"]
[Black "KillBill2017"]
[Result "1/2-1/2"]
[ECO "D30"]
[WhiteElo "2442"]
[BlackElo "2485"]
[WhiteEngine "BrainFish_180106_x64_modern_CTG"]
[BlackEngine "Raubfisch X37b1._CTG"]
[EventType "Swiss"]
[WhiteTeam ""]
[BlackTeam ""]
[PlyCount "176"]
[TimeControl "180+1"]

1. d4 d5 2. c4 e6 3. Nf3 Nf6 4. e3 c6 5. Bd3 dxc4 6. Bxc4 c5 7. O-O a6 
8. Nbd2 cxd4 9. Nxd4 Bd6 10. b3 O-O 11. Bd3 e5 12. N4f3 Nc6 13. Ne4 Nxe4 
14. Bxe4 Qe7 15. Bb2 Bg4 16. Bxc6 bxc6 17. h3 Bh5 18. Qc2 f6 19. Nh4 Rfc8 
20. Nf5 Qe6 21. Nxd6 Qxd6 22. Rac1 a5 23. f4 exf4 24. Qc5 Qxc5 25. Rxc5 Bg6 
26. Rxf4 Re8 27. Kf2 Be4 28. Rg4 Re7 29. Bxf6 Rf8 30. Rf5 Bxf5 31. Bxe7 Rf7 
32. Rf4 Bb1 33. Rxf7 Kxf7 34. Bd8 Bxa2 35. Bxa5 Bxb3 36. e4 g5 37. Ke3 Bc4 
38. g3 Ke6 39. Bb6 Ba6 40. Kd4 Bf1 41. h4 gxh4 42. gxh4 h5 43. Ba7 Bg2 
44. Bc5 Bf1 45. Ba3 Bg2 46. Bb4 Bf1 47. Ke3 Bg2 48. Kf4 Bf1 49. Bd2 Bd3 
50. Ba5 Bc4 51. Bc3 Be2 52. Bg7 Bc4 53. Bf8 Bd3 54. Bb4 Bb5 55. Bc5 Bf1 
56. Ke3 Ke5 57. Ba7 Bg2 58. Bb8+ Ke6 59. Ba7 Ke5 60. Bd4+ Ke6 61. Bb6 Ke5 
62. Bc7+ Kf6 63. Kf4 Ke6 64. Ba5 Bf1 65. Bb6 Bd3 66. Bc5 Bb1 67. Bb4 Ba2 
68. Bd2 Bc4 69. Bc3 Be2 70. Bd2 Bb5 71. Bb4 Bc4 72. Bc5 Bf1 73. Ba7 Bg2 
74. Bd4 Bf1 75. Be5 Bb5 76. Bb2 Be2 77. Bc3 Bd3 78. Bg7 Be2 79. Ke3 Bb5 
80. Kf4 Bc4 81. Bf8 Bd3 82. Bb4 Be2 83. Bc3 Bb5 84. Be5 Bc4 85. Bg7 Bf1 
86. Bd4 Bb5 87. Kg5 Bd3 88. Kxh5 Bxe4 1/2-1/2

[Event "Wednesday Night Engine Tour 13 Rd Swiss 3m+1s Starts at 2200hrs ST"]
[Site "Infinity Chess"]
[Date "2018.1.10"]
[Round "8"]
[White "Cepri"]
[Black "MGR"]
[Result "1/2-1/2"]
[ECO "C50"]
[WhiteElo "2489"]
[BlackElo "2491"]
[WhiteEngine "Raubfisch X37b_CTG"]
[BlackEngine "asmFishW_2017-11-19_bmi2"]
[EventType "Swiss"]
[WhiteTeam ""]
[BlackTeam ""]
[PlyCount "287"]
[TimeControl "180+1"]

1. e4 e5 2. Nf3 Nc6 3. Bc4 Bc5 4. O-O Nf6 5. d3 d6 6. c3 O-O 7. Nbd2 a5 
8. Re1 h6 9. Nf1 a4 10. Ng3 Ra5 11. h3 Bb6 12. Qc2 Bd7 13. Rb1 Qe8 14. b4 axb3 
15. axb3 Be6 16. b4 Ra8 17. Bb3 Bxb3 18. Qxb3 Qe6 19. c4 Rfe8 20. Bd2 Nd7 
21. Ra1 Nd4 22. Nxd4 Bxd4 23. Ra3 Nb6 24. Rxa8 Rxa8 25. Nf5 Nd7 26. Rf1 b5 
27. Rb1 bxc4 28. dxc4 Qf6 29. Qd3 h5 30. h4 Re8 31. Qf3 g6 32. Nxd4 exd4 
33. Qxf6 Nxf6 34. f3 Nd7 35. Bf4 f5 36. exf5 gxf5 37. c5 dxc5 38. bxc5 Nxc5 
39. Bxc7 Kf7 40. Rb5 Re1+ 41. Kf2 Nd3+ 42. Kg3 Ke6 43. Rb8 Kd7 44. Ba5 Rh1 
45. Bd2 Kd6 46. Rh8 f4+ 47. Bxf4+ Nxf4 48. Kxf4 Rxh4+ 49. g4 d3 50. Ke3 d2 
51. Kxd2 Rh3 52. gxh5 Ke6 53. Ke3 Kf6 54. Rh6+ Kf5 55. Ra6 Kg5 56. Rg6+ Kf5 
57. Ra6 Rh1 58. Ra5+ Kf6 59. Kf4 Kg7 60. Kg5 Rg1+ 61. Kf5 Kh6 62. Ra8 Rf1 
63. f4 Rf2 64. Ra1 Rb2 65. Ra8 Rf2 66. Rh8+ Kg7 67. Rd8 Kh6 68. Rd3 Rf1 
69. Rd7 Rb1 70. Rd2 Rf1 71. Rd7 Ra1 72. Rd3 Rg1 73. Rd8 Ra1 74. Re8 Rb1 
75. Rd8 Ra1 76. Rg8 Rb1 77. Rc8 Ra1 78. Rc7 Rg1 79. Rd7 Ra1 80. Rd3 Rf1 
81. Rb3 Ra1 82. Rh3 Ra5+ 83. Kg4 Ra1 84. Kf5 Rf1 85. Rh2 Rb1 86. Rd2 Ra1 
87. Rb2 Rd1 88. Rb7 Rd8 89. Rb1 Rd2 90. Rb8 Rf2 91. Rg8 Rf1 92. Rc8 Ra1 
93. Rf8 Kg7 94. Re8 Kh6 95. Rf8 Rf1 96. Rg8 Rf2 97. Rh8+ Kg7 98. Rb8 Kh6 
99. Rb1 Ra2 100. Rc1 Rf2 101. Rh1 Rd2 102. Rc1 Rf2 103. Rg1 Rb2 104. Rg8 Rb1 
105. Rh8+ Kg7 106. Rc8 Kh6 107. Rh8+ Kg7 108. Rd8 Kh6 109. Rg8 Ra1 110. Rh8+ Kg7 
111. Rb8 Ra5+ 112. Kg4 Kh6 113. f5 Ra4+ 114. Kf3 Ra2 115. Rd8 Kxh5 116. Kf4 Kh6 
117. Rd7 Ra1 118. Re7 Ra2 119. Ke5 Rb2 120. Kf6 Rb1 121. Kf7 Rb8 122. Re6+ Kg5 
123. f6 Kh6 124. Re1 Rb7+ 125. Ke6 Kg6 126. Rg1+ Kh6 127. Rf1 Rb6+ 128. Kd5 Rb8 
129. f7 Kg7 130. Ke6 Rb6+ 131. Kd5 Kf8 132. Kc5 Ra6 133. Kc4 Ra2 134. Kb5 Rc2 
135. Kb6 Ra2 136. Kc5 Rb2 137. Kd6 Rb5 138. Kc6 Rb2 139. Kd6 Ra2 140. Ke6 Ra5 
141. Kd6 Ra2 142. Ke6 Rb2 143. Kf6 Rb1 144. Rxb1 1/2-1/2

[Event "Wednesday Night Engine Tour 13 Rd Swiss 3m+1s Starts at 2200hrs ST"]
[Site "Infinity Chess"]
[Date "2018.1.10"]
[Round "8"]
[White "incredible"]
[Black "CrossingJordan"]
[Result "0-1 "]
[ECO "C77"]
[WhiteElo "2492"]
[BlackElo "2496"]
[WhiteEngine "stockfish_18010422_x64_bmi2"]
[BlackEngine "asmFishW_2017-12-20_bmi2_CTG"]
[EventType "Swiss"]
[WhiteTeam ""]
[BlackTeam ""]
[PlyCount "24"]
[TimeControl "180+1"]

1. e4 e5 2. Nf3 Nc6 3. Bb5 a6 4. Ba4 Nf6 5. O-O Be7 6. Nc3 b5 7. Bb3 d6 
8. d3 O-O 9. h3 Na5 10. Ne2 c5 11. c3 Nxb3 12. axb3 Re8 0-1

[Event "Wednesday Night Engine Tour 13 Rd Swiss 3m+1s Starts at 2200hrs ST"]
[Site "Infinity Chess"]
[Date "2018.1.10"]
[Round "8"]
[White "Vimtiroba"]
[Black "KULLANI"]
[Result "1/2-1/2"]
[ECO "A01"]
[WhiteElo "2515"]
[BlackElo "2501"]
[WhiteEngine "Asmfish@ Seahorse_CTG"]
[BlackEngine "BrainFish_180106_x64_CTG"]
[EventType "Swiss"]
[WhiteTeam ""]
[BlackTeam ""]
[PlyCount "214"]
[TimeControl "180+1"]

1. b3 e5 2. Bb2 Nc6 3. c4 Nf6 4. Nf3 e4 5. Nd4 Bc5 6. Nf5 O-O 7. e3 d5 
8. cxd5 Nb4 9. Ng3 Nfxd5 10. Qc1 Bb6 11. Nxe4 Re8 12. Nbc3 Bf5 13. a3 Nxc3 
14. Bxc3 Nd3+ 15. Bxd3 Qxd3 16. Ng3 Bg6 17. Ne2 Qf5 18. O-O f6 19. b4 c6 
20. Qd1 Bc7 21. Re1 Qd5 22. Nd4 Kh8 23. Qf3 Qd7 24. e4 a5 25. Rac1 a4 
26. Nf5 Kg8 27. Nh4 Bf7 28. Nf5 Bg6 29. Nh4 Bf7 30. Re3 Rad8 31. Rce1 Qd6 
32. e5 fxe5 33. Qg3 Bg6 34. Kh1 Re6 35. d4 e4 36. Qxd6 Rdxd6 37. Nxg6 Rxg6 
38. Rxe4 Bd8 39. Bd2 Rgf6 40. Bf4 Rd5 41. Kg1 Bb6 42. Be5 Rf7 43. Kf1 Rfd7 
44. Rd1 c5 45. bxc5 Bxc5 46. Rb1 Bxd4 47. Rxd4 Rxd4 48. Bxd4 Rxd4 49. Ke2 Rd7 
50. Rb4 Re7+ 51. Kd2 Rd7+ 52. Ke3 Rd1 53. Rxa4 Re1+ 54. Kf4 Rf1 55. Kg3 Ra1 
56. h4 g6 57. Kf3 Ra2 58. Ra8+ Kg7 59. Ra7 Rb2 60. g3 Kf6 61. g4 h5 62. g5+ Kf7 
63. Kg2 Kg8 64. Kg3 b5 65. f3 Rb3 66. Ra6 Kg7 67. Ra7+ Kg8 68. a4 bxa4 
69. Rxa4 Kf7 70. Kg2 Rb7 71. Kh3 Rb3 72. Kg2 Rb1 73. Rf4+ Kg7 74. Rf6 Rb4 
75. Kh3 Rb1 76. Re6 Rh1+ 77. Kg3 Rb1 78. Rd6 Kf7 79. Rd7+ Kf8 80. Rd4 Kf7 
81. Rd7+ Kg8 82. Ra7 Rb6 83. Rd7 Rb3 84. Rc7 Rb1 85. Rc8+ Kf7 86. Rc5 Kg7 
87. Kf2 Kf7 88. Kg3 Rb6 89. Rc7+ Ke6 90. Rh7 Ra6 91. Rb7 Kd5 92. Rb5+ Ke6 
93. Rb7 Kf5 94. Rg7 Rc6 95. Kg2 Kf4 96. Rf7+ Ke5 97. Rd7 Ke6 98. Rd4 Kf5 
99. Rd8 Rb6 100. Kh3 Rc6 101. Rf8+ Ke5 102. Re8+ Kf5 103. Rf8+ Ke5 104. Rg8 Kf4 
105. Kg2 Rc2+ 106. Kh3 Rc6 107. Rf8+ Ke5 1/2-1/2

[Event "Wednesday Night Engine Tour 13 Rd Swiss 3m+1s Starts at 2200hrs ST"]
[Site "Infinity Chess"]
[Date "2018.1.10"]
[Round "8"]
[White "MarioDeMonti"]
[Black "SkyPilot"]
[Result "1/2-1/2"]
[ECO "B90"]
[WhiteElo "2508"]
[BlackElo "2557"]
[WhiteEngine "stockfish_x64_bmi2_2017_12_26_CTG"]
[BlackEngine "stockfish_x64_bmi2_2018_01_01_CTG"]
[EventType "Swiss"]
[WhiteTeam ""]
[BlackTeam ""]
[PlyCount "255"]
[TimeControl "180+1"]

1. e4 c5 2. Nf3 d6 3. d4 cxd4 4. Nxd4 Nf6 5. Nc3 a6 6. Be3 e5 7. Nb3 Be6 
8. f3 h5 9. Qd2 Nbd7 10. Nd5 Bxd5 11. exd5 g6 12. O-O-O Nb6 13. Qa5 Bh6 
14. Bxh6 Rxh6 15. Qd2 Rh8 16. Na5 Qc7 17. c4 Kf8 18. Kb1 Kg7 19. Bd3 Nbd7 
20. Rc1 Rae8 21. Rhe1 Nb8 22. Rf1 b6 23. Nb3 Nbd7 24. f4 a5 25. Qc3 Rc8 
26. f5 g5 27. Qd2 Kh7 28. Na1 Nc5 29. Be2 g4 30. Nc2 Qe7 31. Qd1 Rce8 
32. Ka1 Kg7 33. Ne3 Rh6 34. Kb1 a4 35. Qc2 Rhh8 36. Rcd1 e4 37. Qc3 Qe5 
38. Qxe5 Rxe5 39. Kc2 Rc8 40. h3 gxh3 41. gxh3 Ncd7 42. Rg1+ Kf8 43. b3 Re7 
44. Kb2 Ne5 45. Nc2 Ra7 46. Nb4 Rca8 47. h4 Ke8 48. Rg3 Ke7 49. Rg5 Rc7 
50. Rdg1 a3+ 51. Kb1 Nf3 52. Rh1 Kf8 53. Rg2 Nd4 54. Rd1 Nxe2 55. Rxe2 b5 
56. cxb5 Rb7 57. Nc2 Rxb5 58. Red2 Ke7 59. Rd4 Rbb8 60. Ne3 Rg8 61. Rb4 Ra7 
62. Rb6 Rd7 63. Ra6 Rg3 64. Nc4 e3 65. Rxa3 Nxd5 66. Re1 Kf6 67. Ra5 Nc3+ 
68. Kc2 e2 69. Nb6 Rc7 70. Kd2 Kg7 71. Nd5 Nxd5 72. Rxd5 Ra7 73. Rxe2 Rxa2+ 
74. Ke1 Ra6 75. Red2 Rxb3 76. Rxd6 Ra1+ 77. Rd1 Rxd1+ 78. Kxd1 Rf3 79. Ra6 Rxf5 
80. Ke2 f6 81. Rb6 Rf4 82. Ke3 Ra4 83. Kf3 Kg6 84. Kg3 Ra1 85. Kf2 Ra3 
86. Rb7 Ra2+ 87. Kg1 Re2 88. Rb6 Re3 89. Rb1 Rh3 90. Kf2 Kh6 91. Rb6 Kg6 
92. Rb5 Rh1 93. Kf3 Rf1+ 94. Ke2 Rf5 95. Rb6 Re5+ 96. Kf2 Kf5 97. Kf3 Re1 
98. Kg2 Ra1 99. Rb5+ Kg6 100. Kf2 Ra2+ 101. Kf3 Rd2 102. Rb6 Rd8 103. Rb5 Ra8 
104. Rb1 Rc8 105. Ra1 Rc3+ 106. Kf4 Rc6 107. Re1 Kf7 108. Rd1 Rc8 109. Rd6 Rc1 
110. Ke4 Rc3 111. Rd1 Kg7 112. Rd5 Kg6 113. Kf4 Ra3 114. Rd1 Ra8 115. Kf3 Rg8 
116. Rg1+ Kh7 117. Ra1 Rh8 118. Kf4 Kg6 119. Rg1+ Kf7 120. Kf5 Rc8 121. Kf4 Ke6 
122. Re1+ Kf7 123. Ra1 f5 124. Ra4 Kg6 125. Ra7 Rc6 126. Ra1 Rc4+ 127. Kf3 Rxh4 
128. Ra8 1/2-1/2

[Event "Wednesday Night Engine Tour 13 Rd Swiss 3m+1s Starts at 2200hrs ST"]
[Site "Infinity Chess"]
[Date "2018.1.10"]
[Round "8"]
[White "ocirema"]
[Black "BlitzMaster"]
[Result "1/2-1/2"]
[ECO "C55"]
[WhiteElo "2509"]
[BlackElo "2567"]
[WhiteEngine "stockfish_18010422_x64_modern_CTG"]
[BlackEngine "stockfish_18010422_x64_modern_CTG"]
[EventType "Swiss"]
[WhiteTeam ""]
[BlackTeam ""]
[PlyCount "103"]
[TimeControl "180+1"]

1. e4 e5 2. Nf3 Nc6 3. Bc4 Nf6 4. d3 Bc5 5. O-O d6 6. c3 a5 7. Re1 O-O 8. Bg5 h6 
9. Bh4 Ba7 10. Nbd2 g5 11. Bg3 Nh7 12. h3 h5 13. Nf1 h4 14. Bh2 g4 15. hxg4 Bxg4 
16. Ne3 Bxe3 17. Rxe3 Ng5 18. Kh1 Qf6 19. Qg1 Ne6 20. d4 Nf4 21. Bxf4 exf4 
22. Ree1 Kg7 23. e5 Qg6 24. Qh2 h3 25. Qxf4 hxg2+ 26. Kg1 Bxf3 27. Qxf3 dxe5 
28. dxe5 Rae8 29. e6 fxe6 30. Qxg2 Rg8 31. Qxg6+ Kxg6 32. Kf1 Rh8 33. Rad1 Kf6 
34. Bb5 Rd8 35. Bxc6 bxc6 36. Rxd8 Rxd8 37. Ke2 a4 38. Rd1 Rxd1 39. Kxd1 Kf5 
40. Kc2 Kf4 41. a3 Kf3 42. b3 axb3+ 43. Kxb3 Kxf2 44. a4 e5 45. a5 e4 46. a6 e3 
47. a7 e2 48. a8=Q e1=Q 49. Qxc6 Qd1+ 50. Kb4 Qd6+ 51. Qxd6 cxd6 52. Kb5 1/2-1/2

[Event "Wednesday Night Engine Tour 13 Rd Swiss 3m+1s Starts at 2200hrs ST"]
[Site "Infinity Chess"]
[Date "2018.1.10"]
[Round "8"]
[White "Victorious"]
[Black "xeonrocks"]
[Result "1/2-1/2"]
[ECO "D31"]
[WhiteElo "2558"]
[BlackElo "2612"]
[WhiteEngine "Houdini 6"]
[BlackEngine "asmFishW_CTG"]
[EventType "Swiss"]
[WhiteTeam ""]
[BlackTeam ""]
[PlyCount "147"]
[TimeControl "180+1"]

1. d4 d5 2. c4 e6 3. Nc3 c6 4. e4 dxe4 5. Nxe4 Bb4+ 6. Bd2 Qxd4 7. Bxb4 Qxe4+ 
8. Be2 Na6 9. Ba5 b6 10. Qd6 Bd7 11. Bc3 f6 12. Nf3 Nh6 13. Rd1 Rd8 14. Qa3 Bc8 
15. Nd2 Qf4 16. Bh5+ Nf7 17. O-O c5 18. Qa4+ Ke7 19. Rfe1 Ng5 20. Re3 Rd6 
21. Rde1 Rhd8 22. Ne4 Nxe4 23. Rxe4 Qh6 24. Bf3 Kf8 25. R4e3 Qg6 26. a3 Qf7 
27. Qc2 Kg8 28. Be4 h6 29. b4 Nb8 30. b5 Nd7 31. f4 f5 32. Bc6 Nf6 33. h3 Nh5 
34. Qf2 Bb7 35. Qf3 Bxc6 36. bxc6 Rc8 37. c7 Rd7 38. Be5 Kh7 39. Rd3 Rdxc7 
40. Bxc7 Rxc7 41. Rd6 Nf6 42. Rdxe6 Ne4 43. R1xe4 fxe4 44. Qxe4+ g6 45. h4 Qf5 
46. Qxf5 gxf5 47. a4 Rd7 48. h5 Kg8 49. Rg6+ Kh7 50. Rc6 Rd4 51. g3 Rxc4 
52. Rc7+ Kg8 53. Rxa7 Rb4 54. a5 c4 55. a6 Ra4 56. Rc7 Rxa6 57. Rxc4 Ra1+ 
58. Kf2 Ra2+ 59. Kf1 Ra1+ 60. Ke2 Ra2+ 61. Kf1 Ra1+ 62. Ke2 Ra2+ 63. Kd3 Ra3+ 
64. Rc3 Rxc3+ 65. Kxc3 Kf7 66. Kb4 Ke6 67. Kb5 Kd5 68. Kxb6 Ke4 69. Kc5 Kf3 
70. Kd5 Kxg3 71. Ke5 Kg4 72. Kf6 Kxf4 73. Kg6 Kg4 74. Kxh6 1/2-1/2

[Event "Wednesday Night Engine Tour 13 Rd Swiss 3m+1s Starts at 2200hrs ST"]
[Site "Infinity Chess"]
[Date "2018.1.10"]
[Round "7"]
[White "Dovahkiin"]
[Black "KRAKEN"]
[Result "1/2-1/2"]
[ECO "D30"]
[WhiteElo "2438"]
[BlackElo "2549"]
[WhiteEngine "BrainFish_180106_x64_modern_CTG"]
[BlackEngine "Raubfisch X37b1._zag_CTG"]
[EventType "Swiss"]
[WhiteTeam ""]
[BlackTeam ""]
[PlyCount "160"]
[TimeControl "180+1"]

1. d4 d5 2. c4 e6 3. Nf3 Nf6 4. e3 b6 5. Nc3 Bb7 6. cxd5 exd5 7. Qc2 a6 
8. Bd3 Bd6 9. O-O O-O 10. b3 Nbd7 11. Bb2 Re8 12. Rac1 Ne4 13. g3 Rc8 
14. Rfd1 Qf6 15. Be2 Nxc3 16. Bxc3 Qe7 17. Bb2 Nf6 18. Bf1 c6 19. Bg2 Ne4 
20. Qe2 a5 21. Nd2 Nf6 22. Nf3 h6 23. Ne5 Qe6 24. Qf1 Rc7 25. Bh3 Qe7 
26. Rc2 Qd8 27. Rdc1 Qa8 28. a4 Ne4 29. Qd1 f6 30. Nd3 Bc8 31. Bg4 Bxg4 
32. Qxg4 Qc8 33. Qxc8 Rexc8 34. f3 Ng5 35. Kg2 Kf7 36. h4 Ne6 37. e4 h5 
38. Kf2 g6 39. Kg2 Be7 40. Kf2 Bf8 41. Ke2 Bd6 42. Kf2 Bf8 43. Ke2 Be7 
44. Kf1 Kg8 45. Re2 Kf7 46. Rec2 b5 47. Kf2 b4 48. Kg2 Rd8 49. e5 Rdc8 50. f4 f5 
51. Rd2 Ke8 52. Rb1 c5 53. dxc5 Rc6 54. Kf1 Bxc5 55. Ne1 Be7 56. Nf3 Nc5 
57. Nd4 Ne4 58. Rg2 Rc5 59. Rd1 Bd8 60. Ke1 Bb6 61. Rd3 R5c7 62. Nb5 Rc2 
63. Rxc2 Rxc2 64. Bd4 Bd8 65. Ba7 Rg2 66. Nd6+ Ke7 67. Rxd5 Rxg3 68. Nb7 Bc7 
69. Nxa5 Ke6 70. Rb5 Bxa5 71. Rxa5 Rxb3 72. Ra6+ Kd5 73. e6 Rb1+ 74. Ke2 Nc3+ 
75. Kd3 Rd1+ 76. Kc2 Re1 77. Kb3 Rb1+ 78. Kc2 Re1 79. Kb3 Rb1+ 80. Kc2 Re1 
1/2-1/2

[Event "Wednesday Night Engine Tour 13 Rd Swiss 3m+1s Starts at 2200hrs ST"]
[Site "Infinity Chess"]
[Date "2018.1.10"]
[Round "7"]
[White "RonWeasley"]
[Black "koalachess"]
[Result "1/2-1/2"]
[ECO "A00"]
[WhiteElo "2476"]
[BlackElo "2322"]
[WhiteEngine "BrainFish 060118_CTG"]
[BlackEngine "asmFishW_2017-11-19_popcnt_CTG"]
[EventType "Swiss"]
[WhiteTeam ""]
[BlackTeam ""]
[PlyCount "85"]
[TimeControl "180+1"]

1. a3 e5 2. e3 d5 3. d4 Nc6 4. dxe5 Nxe5 5. Nd2 g6 6. Ngf3 Nxf3+ 7. Nxf3 Bg7 
8. e4 Ne7 9. exd5 Qxd5 10. Be2 Be6 11. O-O O-O-O 12. Bg5 Qxd1 13. Rfxd1 Rxd1+ 
14. Rxd1 Nf5 15. Bc1 h6 16. Bd3 g5 17. Re1 Rd8 18. Ne5 Nh4 19. f4 Rd5 
20. b4 Bxe5 21. fxe5 Ng6 22. Be4 Rd8 23. Bb2 Nf4 24. Bc1 Ng6 25. Kf2 Nxe5 
26. Bxb7+ Kxb7 27. Rxe5 Rd1 28. Bb2 a6 29. Re1 Rd2+ 30. Re2 Rd5 31. Bg7 h5 
32. Re5 Rd2+ 33. Re2 Rd5 34. c3 a5 35. Re5 Rd2+ 36. Re2 Rd5 37. Bd4 Kc6 
38. Ke3 Kb5 39. Kd3 Bf5+ 40. Kd2 Be6 41. Kd3 Bf5+ 42. Kd2 Be6 43. Kd3 1/2-1/2

[Event "Wednesday Night Engine Tour 13 Rd Swiss 3m+1s Starts at 2200hrs ST"]
[Site "Infinity Chess"]
[Date "2018.1.10"]
[Round "7"]
[White "MiKachomiKa QueeN"]
[Black "Cepri"]
[Result "1/2-1/2"]
[ECO "C77"]
[WhiteElo "2467"]
[BlackElo "2490"]
[WhiteEngine "Raubfisch X37b1_CTG"]
[BlackEngine "Raubfisch X37b_CTG"]
[EventType "Swiss"]
[WhiteTeam ""]
[BlackTeam ""]
[PlyCount "83"]
[TimeControl "180+1"]

1. e4 e5 2. Nf3 Nc6 3. Bb5 a6 4. Ba4 Nf6 5. O-O Be7 6. Re1 b5 7. Bb3 O-O 
8. c3 d5 9. exd5 Nxd5 10. Nxe5 Nxe5 11. Rxe5 c6 12. d4 Bd6 13. Re1 Qh4 
14. g3 Qh3 15. Qe2 Bg4 16. Qf1 Qh5 17. Nd2 Rae8 18. Rxe8 Rxe8 19. f3 Bh3 
20. Qf2 Bf5 21. Nf1 Qg6 22. Bxd5 cxd5 23. Ne3 h5 24. Ng2 Bd3 25. Be3 b4 
26. cxb4 Bxb4 27. a3 Ba5 28. Rc1 Qd6 29. b4 Bb6 30. Nf4 Bc4 31. Re1 h4 
32. gxh4 Bc7 33. Bd2 Rxe1+ 34. Qxe1 Qf6 35. Qe3 Qf5 36. Kg2 Kf8 37. h5 Qg5+ 
38. Kh1 Qh4 39. Kg2 Qg5+ 40. Kh1 Qh4 41. Kg1 Qg5+ 42. Kh1 1/2-1/2

[Event "Wednesday Night Engine Tour 13 Rd Swiss 3m+1s Starts at 2200hrs ST"]
[Site "Infinity Chess"]
[Date "2018.1.10"]
[Round "7"]
[White "MGR"]
[Black "incredible"]
[Result "1/2-1/2 "]
[ECO "B12"]
[WhiteElo "2491"]
[BlackElo "2492"]
[WhiteEngine "asmFishW_2017-11-19_bmi2"]
[BlackEngine "stockfish_18010422_x64_bmi2"]
[EventType "Swiss"]
[WhiteTeam ""]
[BlackTeam ""]
[PlyCount "266"]
[TimeControl "180+1"]

1. e4 c6 2. d4 d5 3. e5 Bf5 4. Nf3 e6 5. Be2 Ne7 6. c3 Nd7 7. O-O c5 
8. dxc5 Nxc5 9. Nd4 Bg6 10. Be3 Nc6 11. c4 dxc4 12. Nxc6 bxc6 13. Nd2 c3 
14. bxc3 Be7 15. Nb3 Nd7 16. f4 Nb6 17. Qxd8+ Rxd8 18. Bf3 Nd5 19. Bxa7 Ra8 
20. Bf2 Ra4 21. Rfd1 O-O 22. Rd4 Rxd4 23. Nxd4 Ba3 24. Nxc6 Nxf4 25. Rd1 Rc8 
26. Rd6 Kf8 27. Rd7 Nd5 28. Bxd5 exd5 29. Ra7 Rxc6 30. Rxa3 Ke7 31. Ra7+ Ke6 
32. Bd4 h5 33. Kf2 Bd3 34. Ke3 Bf1 35. Kf3 Bd3 36. a4 Bc4 37. g3 Ra6 
38. Rxa6+ Bxa6 39. g4 hxg4+ 40. Kxg4 g6 41. Kg5 Bc8 42. Kh6 Bd7 43. a5 Bb5 
44. Kg7 g5 45. h3 Bf1 46. Kh6 Kd7 47. Kxg5 Bxh3 48. a6 Kc7 49. a7 Kb7 
50. Kf6 Be6 51. Ke7 Ka8 52. Bf2 Kb7 53. Kd6 Bg4 54. Kxd5 Be6+ 55. Ke4 Bg4 
56. Bd4 Be6 57. Bb6 Bc4 58. Bc5 Bb3 59. Bg1 Bc4 60. Bd4 Be6 61. Bf2 Bb3 
62. Bc5 Bc4 63. Ke3 Bd5 64. Kd4 Be6 65. Ke4 Bd7 66. Kd4 Be6 67. Bb6 Bg4 
68. Kc4 Be6+ 69. Kb5 Bd7+ 70. Kb4 Bc6 71. Bf2 Be8 72. Ka3 Ka8 73. Kb2 Kb7 
74. Ka1 Bd7 75. Bd4 Be6 76. Be3 Bg4 77. Kb2 Bf5 78. Ka1 Bd3 79. Bd4 Be2 
80. Kb1 Bd3+ 81. Ka1 Bf5 82. Kb2 Be6 83. Bc5 Bg4 84. Bf2 Bf5 85. Bg1 Bd7 
86. Ka3 Bg4 87. Bc5 Bf5 88. Bb6 Be4 89. Bf2 Bf5 90. Kb4 Bd7 91. Kc5 Bg4 
92. Kc4 Bd7 93. Bb6 Be6+ 94. Kc5 Bd7 95. Kd6 Be6 96. Kc5 Bg4 97. c4 Bf3 
98. Kb5 Bc6+ 99. Ka5 Bd7 100. Bf2 Be6 101. Kb5 Bd7+ 102. Ka5 Be6 103. Kb5 Bd7+ 
104. Kb4 Be6 105. Bb6 Bf5 106. Kc3 Bd7 107. Kd3 Bc6 108. Bf2 Bf3 109. Kc3 Bc6 
110. Kb2 Bg2 111. Kb3 Bc6 112. Kc2 Be4+ 113. Kb3 Bf3 114. Kc3 Be4 115. Bd4 Bf5 
116. Kb2 Be6 117. Kb3 Bd7 118. Ka2 Bf5 119. Be3 Be6 120. Kb3 Bg4 121. Bg1 Bd7 
122. Bf2 Be6 123. Kb4 Bg4 124. c5 Kxa7 125. c6+ Kb8 126. Kb5 Kc7 127. Bb6+ Kb8 
128. Be3 Kc7 129. Bb6+ Kc8 130. Kc5 Be2 131. Kb4 Bd3 132. Ba5 Bg6 133. Kb5 Bd3+ 
1/2-1/2

[Event "Wednesday Night Engine Tour 13 Rd Swiss 3m+1s Starts at 2200hrs ST"]
[Site "Infinity Chess"]
[Date "2018.1.10"]
[Round "7"]
[White "KillBill2017"]
[Black "KULLANI"]
[Result "1/2-1/2"]
[ECO "C53"]
[WhiteElo "2484"]
[BlackElo "2502"]
[WhiteEngine "Raubfisch X37b1._CTG"]
[BlackEngine "BrainFish_180106_x64_CTG"]
[EventType "Swiss"]
[WhiteTeam ""]
[BlackTeam ""]
[PlyCount "104"]
[TimeControl "180+1"]

1. e4 e5 2. Nf3 Nc6 3. Bc4 Bc5 4. c3 Nf6 5. d3 d6 6. O-O a5 7. a4 O-O 8. Bg5 h6 
9. Bh4 g5 10. Bg3 Kg7 11. Na3 Ne7 12. Re1 Ng6 13. Nc2 Bb6 14. d4 Nxe4 
15. Rxe4 f5 16. Re1 f4 17. Bd3 g4 18. Bxg6 fxg3 19. hxg3 gxf3 20. Be4 fxg2 
21. Qh5 Qf6 22. f4 exf4 23. gxf4 Qf7 24. Qxf7+ Rxf7 25. Bxg2 Kf8 26. Be4 Bd7 
27. Bxb7 Re8 28. Ne3 c5 29. Nc4 Bc7 30. dxc5 dxc5 31. Ne5 Bxe5 32. Rxe5 Rb8 
33. Bg2 Rxb2 34. Rf1 Rg7 35. Rf2 Rxf2 36. Kxf2 Rf7 37. Kg3 Bxa4 38. Rxc5 Ra7 
39. Rc8+ Ke7 40. Rh8 Bc2 41. Rxh6 a4 42. Bd5 Bf5 43. Rh5 Kf6 44. Ba2 Rc7 
45. Rh6+ Kg7 46. Ra6 Rxc3+ 47. Kh4 Bc8 48. Rxa4 Rh3+ 49. Kg5 Rg3+ 50. Kh4 Rh3+ 
51. Kg5 Rg3+ 52. Kh4 Rh3+ 1/2-1/2

[Event "Wednesday Night Engine Tour 13 Rd Swiss 3m+1s Starts at 2200hrs ST"]
[Site "Infinity Chess"]
[Date "2018.1.10"]
[Round "7"]
[White "CrossingJordan"]
[Black "MarioDeMonti"]
[Result "1/2-1/2"]
[ECO "C55"]
[WhiteElo "2495"]
[BlackElo "2509"]
[WhiteEngine "asmFishW_2017-12-20_bmi2_CTG"]
[BlackEngine "stockfish_x64_bmi2_2017_12_26_CTG"]
[EventType "Swiss"]
[WhiteTeam ""]
[BlackTeam ""]
[PlyCount "121"]
[TimeControl "180+1"]

1. e4 e5 2. Nf3 Nc6 3. Bc4 Nf6 4. d3 Bc5 5. O-O d6 6. c3 O-O 7. Re1 Bb6 8. h3 h6 
9. a4 a6 10. Nbd2 Nh5 11. d4 Nf6 12. dxe5 Nxe5 13. Nxe5 dxe5 14. a5 Ba7 
15. Qe2 Bd7 16. Nf1 Qe7 17. Ng3 Rfd8 18. Be3 Bxe3 19. Qxe3 Re8 20. Rad1 Rad8 
21. b4 Rc8 22. Rb1 Rcd8 23. Red1 Bc8 24. f3 Nh7 25. Nf1 Nf8 26. Qf2 Ng6 
27. Kh2 h5 28. Qc5 Qxc5 29. bxc5 Rxd1 30. Rxd1 c6 31. Ne3 Nf8 32. Nf5 Bxf5 
33. exf5 e4 34. Rb1 e3 35. Be2 g6 36. fxg6 Nxg6 37. Kg3 Re5 38. f4 Rxc5 
39. Rxb7 Rxa5 40. Kf3 Nh4+ 41. Kxe3 Nxg2+ 42. Ke4 Kg7 43. c4 h4 44. Rc7 Ra3 
45. Bg4 a5 46. Rxc6 Ne3 47. Bd7 Nd1 48. Rc7 Kf6 49. Kd4 Nf2 50. c5 Nxh3 
51. Be8 Nxf4 52. Rxf7+ Kg5 53. c6 h3 54. Rh7 Ra2 55. Bd7 Rd2+ 56. Kc3 Rd1 
57. Bxh3 Nxh3 58. Rxh3 Rc1+ 59. Kb2 Rxc6 60. Kb3 a4+ 61. Kxa4 1/2-1/2